 Dungeon Crawl Stone Soup version 0.23-a0-408-g9d4b7ed (webtiles) character file.

6972 EvilAliv3 the Quickloader (level 11, -3/99 HPs)
             Began as a Hill Orc Wanderer on Nov 7, 2018.
             Was a Priest of Makhleb.
             Slain by a guardian serpent (19 damage)
             ... on level 10 of the Dungeon.
             The game lasted 01:11:59 (11861 turns).

EvilAliv3 the Quickloader (Hill Orc Wanderer)      Turns: 11861, Time: 01:12:00

Health: -3/99      AC:  8    Str: 19    XL:     11   Next: 8%
Magic:  0/17       EV: 10    Int: 19    God:    Makhleb [***...]
Gold:   388        SH:  0    Dex: 16    Spells: 9/13 levels left

rFire    + + .     SeeInvis .   b - +6 falchion "With Two Names" {venom, MR+ Str+3 Dex+4}
rCold    . . .     Gourm    .   (no shield)
rNeg     . . .     Faith    .   s - +0 ring mail {rF+}
rPois    .         Spirit   +   I - +0 hat
rElec    .         Reflect  .   (no cloak)
rCorr    .         Harm     .   J - +0 pair of gloves
MR       +....                  (no boots)
Stlth    +.........             M - amulet "Utezxija" {Spirit +Blink rC- Int+6}
HPRegen  0.26/turn              r - ring of protection from cold
MPRegen  0.15/turn              L - ring of protection from fire

@: no status effects
A: no striking features
a: Minor Destruction, Lesser Servant of Makhleb, Renounce Religion, Evoke Blink


You were on level 10 of the Dungeon.
You worshipped Makhleb.
Makhleb was most pleased with you.
You were hungry.

You visited 2 branches of the dungeon, and saw 11 of its levels.

You collected 610 gold pieces.
You spent 222 gold pieces at shops.

Inventory:

Hand Weapons
 a - a +3 hand crossbow
 b - the +6 falchion "With Two Names" (weapon) {venom, MR+ Str+3 Dex+4}
   (You found it on level 6 of the Dungeon)

   It poisons the flesh of those it strikes.
   It affects your strength (+3).
   It affects your dexterity (+4).
   It affects your resistance to hostile enchantments.
Missiles
 i - 10 bolts
Armour
 j - a +0 plate armour
 m - a +0 scale mail
 s - a +0 ring mail of fire resistance (worn)
 I - a +0 hat (worn)
 J - a +0 pair of gloves (worn)
Jewellery
 r - a ring of protection from cold (left hand)
 L - a ring of protection from fire (right hand)
 M - the amulet "Utezxija" (around neck) {Spirit +Blink rC- Int+6}
   (You found it on level 8 of the Dungeon)

   [amulet of guardian spirit]

   It causes incoming damage to be split between your health and magic.
   It affects your intelligence (+6).
   It makes you vulnerable to cold.
   It lets you blink.
Wands
 x - a wand of acid (6)
 C - a wand of paralysis (7)
Scrolls
 c - a scroll of enchant armour {unknown}
 e - 3 scrolls of identify
 g - 6 scrolls of teleportation
 h - 2 scrolls of amnesia
 k - 2 scrolls of enchant weapon
 l - a scroll of immolation {unknown}
 n - 3 scrolls of remove curse
 p - a scroll of magic mapping {unknown}
 q - a scroll of fear {unknown}
 t - a scroll of summoning
 u - a scroll of random uselessness {unknown}
 v - 2 scrolls of blinking
 y - a scroll of brand weapon {unknown}
 F - a scroll of vulnerability {unknown}
Potions
 d - 3 potions of curing
 o - 6 potions of might
 w - 3 potions of mutation
 z - a potion of resistance
 B - a potion of haste
 E - 2 potions of brilliance
 H - a potion of lignification
 K - a potion of berserk rage
Comestibles
 f - 19 rations


   Skills:
 + Level 9.6 Fighting
 * Level 9.9 Crossbows
 + Level 8.0 Armour
 + Level 1.5 Spellcasting
 + Level 1.5 Summonings
 + Level 2.1 Air Magic
 + Level 8.7 Invocations
 - Level 2.0 Evocations


You had 9 spell levels left.
You knew the following spells:

 Your Spells              Type           Power        Failure   Level  Hunger
a - Summon Lightning Spi  Summ/Air       #.......     77%         4    #####..

Your spell library contained the following spells:

 Spells                   Type           Power        Failure   Level  Hunger
 Call Canine Familiar     Summ           #.......     41%         3    ####...
 Summon Guardian Golem    Hex/Summ       #.......     52%         3    ####...
 Gell's Gravitas          Tloc           #.........   63%         3    ####...
 Summon Forest            Summ/Tloc      #.........   99%         5    ######.


Dungeon Overview and Level Annotations

Branches:
Dungeon (10/15)            Temple (0/1) D:4            Lair (1/6) D:9
    Orc: D:9-12

Altars:
Dithmenos
Fedhas
Gozag
Makhleb
Nemelex Xobeh
Okawaru
Qazlal
Trog
Vehumet
Yredelemnul

Shops:
D:4 :*=   D:7 **   D:9 ==*

Annotations:
D:6 3 runed doors, tardigrad's ghost, novice MfSu


Message History

You feel sick. The guardian serpent hits you! The centaur hits you.
The guardian serpent weaves intricate patterns with the tip of its tongue.
The quokka blinks!
The centaur hits you! The quokka barely misses you.
You slash the guardian serpent!
The guardian serpent is heavily wounded.
You feel sick. The guardian serpent hits you! The centaur hits you.
The quokka bites you. The guardian serpent misses you. The centaur hits you!
* * * LOW HITPOINT WARNING * * *
The quokka bites you.
* * * LOW HITPOINT WARNING * * *
You slash the guardian serpent!
The guardian serpent is severely wounded.
You feel sick. The guardian serpent hits you.
* * * LOW HITPOINT WARNING * * *
The centaur barely misses you. The guardian serpent hits you!
* * * LOW HITPOINT WARNING * * *
The quokka bites you but does no damage.
The centaur hits you but does no damage.
You feel better. The guardian serpent hits you!!
You die...

#. #.# # #. #.#
..#.#.#########.#
......[.........#
#####..#########
#..# #..# #..#
#@c# ......S.r#
###(..(..#
########


You could see a guardian serpent, a centaur and a quokka.

Vanquished Creatures
  Pikel (D:6)
  A spiny frog (Lair:1)
  2 komodo dragons (Lair:1)
  A troll (D:9)
  A yak (D:9)
  4 hogs (D:7)
  A human (D:7)
  Menkaure (D:8)
  Edmund (D:6)
  A water moccasin (Lair:1)
  3 porcupines (D:9)
  A black bear (D:7)
  2 ice beasts (D:9)
  2 phantoms
  2 sky beasts
  A slave (D:6)
  A necrophage (D:9)
  An orc warrior (D:9)
  5 ogres
  2 crocodiles (Lair:1)
  3 centaurs
  6 bullfrogs
  4 big kobolds
  A wyvern zombie (D:7)
  2 scorpions
  A water moccasin skeleton (D:9)
  3 killer bees (D:9)
  5 howler monkeys
  2 electric eels (Lair:1)
  2 crimson imps
  3 hounds
  A jelly (D:7)
  2 orc priests
  Crazy Yiuf (D:5)
  2 bullfrog skeletons
  9 orc wizards
  An iguana (D:7)
  7 worker ants
  A hound zombie (D:9)
  A hound skeleton (D:6)
  A worker ant zombie (D:6)
  9 adders
  5 gnolls
  4 shadow imps
  3 oozes
  An adder skeleton (D:5)
  3 worms
  3 dart slugs
  4 leopard geckos
  29 orcs
  7 bats
  5 giant cockroaches
  11 goblins
  6 hobgoblins
  11 jackals
  2 quokkas
  2 frilled lizards
  20 kobolds
  A leopard gecko zombie (D:7)
  A quokka zombie (D:9)
  6 rats
225 creatures vanquished.

Vanquished Creatures (others)
  2 fungi
  5 plants (Lair:1)
7 creatures vanquished.

Grand Total: 232 creatures vanquished

Notes
Turn   | Place    | Note
-------+----------+-------------------------------------------
     0 | D:1      | EvilAliv3 the Hill Orc Wanderer began the quest for the
                  | Orb.
     0 | D:1      | EvilAliv3 set off with the following items: a +2 hand
                  | crossbow, 27 bolts, a +0 ring mail, a potion of curing, a
                  | ration
     0 | D:1      | Reached XP level 1. HP: 19/19 MP: 2/2
   247 | D:1      | Reached XP level 2. HP: 27/27 MP: 3/3
   266 | D:1      | Reached skill level 1 in Armour
   415 | D:1      | Reached XP level 3. HP: 31/33 MP: 4/4
   881 | D:2      | Reached XP level 4. HP: 33/40 MP: 5/5
  1718 | D:2      | Found a burning altar of Makhleb.
  1925 | D:2      | Became a worshipper of Makhleb the Destroyer
  2016 | D:3      | Reached XP level 5. HP: 47/47 MP: 6/6
  2368 | D:3      | Noticed a big kobold
  2382 | D:3      | Killed a big kobold
  2382 | D:3      | Reached skill level 5 in Fighting
  2382 | D:3      | Reached XP level 6. HP: 54/56 MP: 7/7
  2811 | D:4      | Found a basalt altar of Yredelemnul.
  2834 | D:4      | Found Gufoppigg's General Store.
  2842 | D:4      | Bought a scroll of teleportation for 33 gold pieces
  2842 | D:4      | Bought a scroll of identify for 22 gold pieces
  2857 | D:4      | Found a staircase to the Ecumenical Temple.
  2984 | D:4      | Reached * piety under Makhleb
  3040 | D:4      | Found Kaynuqex's Jewellery Emporium.
  3328 | D:4      | Found Zekaehad's Book Shoppe.
  3454 | D:5      | Entered Level 5 of the Dungeon
  3599 | D:5      | Reached skill level 1 in Invocations
  3599 | D:5      | Reached XP level 7. HP: 48/61 MP: 8/8
  3701 | D:5      | Reached skill level 5 in Crossbows
  4072 | D:5      | Found a runed door.
  4076 | D:5      | Noticed Crazy Yiuf
  4504 | D:5      | Found a blossoming altar of Fedhas.
  4743 | D:5      | Killed Crazy Yiuf
  4851 | D:6      | Found a shadowy altar of Dithmenos.
  4872 | D:6      | Got a dazzling falchion
  4921 | D:6      | Reached XP level 8. HP: 16/70 MP: 10/10
  5150 | D:6      | Identified the +6 falchion "With Two Names" {venom, MR+
                  | Str+3 Dex+4} (You found it on level 6 of the Dungeon)
  5203 | D:6      | Found a stormy altar of Qazlal.
  5225 | D:6      | Noticed Edmund
  5236 | D:6      | Killed Edmund
  5433 | D:6      | Found a sparkling altar of Nemelex Xobeh.
  5478 | D:6      | Found a runed gate.
  5478 | D:6      | Found a runed gate.
  5481 | D:6      | Found a runed gate.
  5483 | D:6      | Noticed tardigrad's ghost (novice MfSu)
  5575 | D:6      | Noticed Pikel
  5584 | D:6      | Killed Pikel
  5584 | D:6      | Reached skill level 5 in Armour
  5806 | D:7      | Found Apopeori's Assorted Antiques.
  5857 | D:7      | Reached skill level 5 in Invocations
  5857 | D:7      | Reached XP level 9. HP: 79/79 MP: 12/12
  5879 | D:7      | Reached ** piety under Makhleb
  6118 | D:7      | Bought a yellow potion for 25 gold pieces
  6118 | D:7      | Bought a scroll labeled YGOGEN WALIG for 28 gold pieces
  6338 | D:7      | Found Gozag's Platinum Reserve.
  6525 | D:7      | Found an opulent altar of Gozag.
  6939 | D:7      | Found an iron altar of Okawaru.
  6940 | D:7      | Found a bloodstained altar of Trog.
  7088 | D:7      | Reached XP level 10. HP: 36/89 MP: 15/15
  7695 | D:8      | Got a glittering zirconium amulet
  7739 | D:8      | Noticed Menkaure
  7763 | D:8      | Identified the amulet "Utezxija" {Spirit +Blink rC- Int+6}
                  | (You found it on level 8 of the Dungeon)
  7787 | D:8      | Killed Menkaure
  8336 | D:9      | Reached *** piety under Makhleb
  8359 | D:9      | Found a radiant altar of Vehumet.
  8663 | D:9      | HP: 1/90 [troll (4)]
  9120 | D:9      | Found Vocuiq's General Store.
  9139 | D:9      | Bought a scroll of summoning for 114 gold pieces
  9869 | D:9      | Found Hace Exuo's Jewellery Shop.
 10046 | D:9      | Found a staircase to the Lair.
 10057 | D:9      | Identified the Reference Book on Supportive Dislocation
 10235 | D:9      | Found Imehor's Jewellery Shop.
 10336 | D:10     | Entered Level 10 of the Dungeon
 10339 | D:10     | Noticed a centaur warrior
 10406 | D:9      | Upgraded the game from 0.23-a0-407-g92528d7 to
                  | 0.23-a0-408-g9d4b7ed
 10411 | D:9      | Learned a level 4 spell: Summon Lightning Spire
 10412 | Lair:1   | Entered Level 1 of the Lair of Beasts
 10702 | Lair:1   | Noticed a spiny frog
 10712 | Lair:1   | Killed a spiny frog
 10953 | Lair:1   | Reached skill level 1 in Summonings
 11022 | Lair:1   | Reached XP level 11. HP: 52/97 MP: 13/17
 11861 | D:10     | Slain by a guardian serpent

Vault maps used:
D:1:      giann_wishing_wells, chequers_mini_garden, minmay_box_of_dots
D:2:      lemuel_round_altar, first_ration
D:3:      chequers_serial_rivers_large_a
D:4:      yredelemnul_altar_generic, minmay_temple_entry_glass, serial_shops,
          shop, shop, nicolae_shop_waterfront
D:5:      marbit_many_paths, minmay_misc_feat_iff, uniq_crazy_yiuf_cottage
D:6:      lemuel_crystal_altar, nicolae_overflow_crystal_walls,
          gammafunk_ghost_necromancy, grunt_qazlal_sundering, uniq_pikel,
          uniq_edmund, uniq_menkaure
D:7:      nicolae_gozag_zags_fifth_avenue, grunt_temple_overflow_bloody_war,
          serial_shops, nicolae_shop_crystal, grunt_livestock
D:9:      vehumet_crystals, grunt_lair_entry_orc_guard_hut, serial_shops,
          nicolae_shop_behind_doors, nicolae_shop_statue_plus, kennysheep_mini
D:10:     nicolae_trove_entry_crystal, nrook_guardian_serpent_double
Lair:1:   dpeg_stationary_puzzle, minmay_lair_oklob_chamber, uniq_erica

Skill      XL: |  1  2  3  4  5  6  7  8  9 10 11 |
---------------+----------------------------------+-----
Crossbows      | 2 3 4 5 6 8 9 |  9.9
Armour         | 1 2 3 4 5 6 7 8 |  8.0
Fighting       | 4 5 6 7 8 9 |  9.6
Invocations    | 1 3 5 6 8 |  8.7
Summonings     | 1 |  1.5
Air Magic      | 2 |  2.1
Spellcasting   | |  1.5
Evocations     | |  2.0

Action                   |  1- 3 |  4- 6 |  7- 9 | 10-12 || total
-------------------------+-------+-------+-------+-------++-------
Melee: Mace              |    30 |       |       |       ||    30
       Flail             |    14 |    62 |       |       ||    76
       Dagger            |       |    61 |    32 |       ||    93
       Falchion          |       |       |   106 |   124 ||   230
 Fire: Hand crossbow     |    44 |   104 |   136 |   160 ||   444
Evoke: Wand              |       |       |       |     1 ||     1
  Use: Scroll            |       |     3 |     6 |     7 ||    16
       Potion            |       |       |     1 |     3 ||     4
 Stab: Paralysed         |       |       |       |     7 ||     7
  Eat: Chunk             |       |     9 |     4 |     7 ||    20
       Ration            |       |       |     2 |     2 ||     4
Armor: Ring mail         |    12 |    13 |    41 |    36 ||   102
       Scale mail        |    17 |    51 |       |       ||    68
       Plate armour      |       |    10 |    13 |       ||    23
Dodge: Dodged            |    32 |    78 |    69 |    87 ||   266
       Rpst.: Falchion   |       |       |    20 |    27 ||    47

Table legend:
 A = Non-vault XP
 B = Vault XP
 C = Vault XP percentage of total XP
 D = Non-vault monster count
 E = Vault monster count
 F = Vault count percentage of total count
                 A         B        C        D         E       F
            +---------+---------+-------+---------+---------+-------
      Total |    6577 |    3384 |  34.0 |     201 |      23 |  10.3
            +---------+---------+-------+---------+---------+-------
        D:1 |      59 |       4 |   6.3 |      24 |       3 |  11.1
        D:2 |      97 |       0 |   0.0 |      23 |       0 |   0.0
        D:3 |     200 |       0 |   0.0 |      25 |       0 |   0.0
        D:4 |     151 |       0 |   0.0 |      11 |       0 |   0.0
        D:5 |     429 |      75 |  14.9 |      17 |       2 |  10.5
        D:6 |     462 |     816 |  63.8 |       8 |       2 |  20.0
        D:7 |    1421 |     978 |  40.8 |      37 |       6 |  14.0
        D:8 |     210 |     172 |  45.0 |       9 |       1 |  10.0
        D:9 |    2350 |     755 |  24.3 |      41 |       5 |  10.9
       D:10 |      70 |       0 |   0.0 |       1 |       0 |   0.0
     Lair:1 |    1128 |     584 |  34.1 |       5 |       4 |  44.4
            +---------+---------+-------+---------+---------+-------
